Fiqtiff, neutral male gnomish Healer ----------------------------------------------------- |........................^....................).....| |.----------|--.---...----------------------------..| |^|----- |.|--- |...|..........................|..| $$ |.||...| ---.|.|---...|.............<...............| $ $$ ** |.||...--|.....|....---...............(..........|%.|. ** |.||.....|---..|....|............................|..|.. |.|----..|!.|.(---..------------------------------..|-. |.| |..|!.|....|..).........................).....|... |.| |..|!.|-----..------------------------------..|.... $ |.-----..---|.......|----------------------- |..|..... * |...........|----q--|......................| |).|....... ------------|...|@| --------------------.|)-------[.|.....|.. -------------.{.|d|---------------------.|..........|.....|.... |...............|.-....I[.II.I...........|-------------..-----... |.---------------.|---------------------.|......................... |....(............| |..........*..........|........ ------------------- -------------------------------- Fiqtiff the Rhizotomist Experience level: 1 Strength: 9 Dexterity: 11 Constitution: 15 Intelligence: 11 Wisdom: 18 Charisma: 16 Health: 0(43) Energy: 7(7) Def: 16 Gold: 0 Moves: 6611 Dungeon seed: snCps8FRab8m1A5d Game ID: Fiqtiff_1624112618 Your Inventory: Armor d - a blessed greased +0 gray dragon scale mail (being worn) g - an uncursed +1 pair of leather gloves (being worn) h - a blessed +0 orcish helm (being worn) q - an uncursed +0 orcish cloak (being worn) Comestibles n - an uncursed food ration o - a blessed eucalyptus leaf y - an uncursed apple Tools f - an uncursed sack k - an uncursed skeleton key s - an uncursed stethoscope t - an uncursed blindfold w - an uncursed mirror x - an uncursed oil lamp (lit) (0:598) z - an uncursed leash Gems e - an uncursed worthless piece of yellow glass Contents of the sack: 95 gold pieces an uncursed +0 dart 7 blessed eucalyptus leaves 7 uncursed food rations a blessed scroll of magic mapping an uncursed scroll of remove curse an uncursed wand of cold (0:6) an uncursed magic marker (0:55) an uncursed oil lamp (0:1354) 7 uncursed tallow candles (0:200) 2 uncursed worthless pieces of green glass an uncursed worthless piece of violet glass an uncursed worthless piece of yellowish brown glass Spells and supernatural/magical abilities: Name Level Category Cost Memory h - healing 1 healing 5pw 89% x - extra healing 3 healing 33pw 89% S - stone to flesh 3 healing 46pw 89% W - pray for help -- divine ? -- Your skills at the end: Fighting Skills wands [Basic] Weapon Skills knife [Basic] Spellcasting Skills healing spells [Basic] Final Attributes: You were piously aligned. You were immune to poison. You were magic resistant. You had infravision. You were protected. You last prayed 497 turns ago. Hermes was noncommittal. You are dead (2nd time!). Vanquished creatures: a large mimic 2 small mimics a large cat a quivering blob 2 wolves a panther a leprechaun a giant spider a brown pudding a gold golem 3 dogs a dust vortex 3 human zombies 3 imps a wood nymph a water nymph 2 mountain nymphs 3 rock piercers a rock mole a shrieker a violet fungus a black naga hatchling a golden naga hatchling 4 giant ants a floating eye a kitten 2 dwarves a homunculus 2 kobold shamans 2 rothes 2 rabid rats a giant bat an orc zombie 5 dwarf zombies a wererat an iguana 2 killer bees 2 acid blobs 3 coyotes 9 hobbits 3 hobgoblins 11 giant rats 12 cave spiders 2 brown molds a yellow mold a green mold 2 gnomes 7 gnome zombies 13 geckos 28 jackals 4 foxes 3 kobolds 5 goblins 7 sewer rats 11 grid bugs 5 lichens 3 kobold zombies 7 newts 199 creatures vanquished. Voluntary challenges: You had been an atheist until turn 2938. You never hit with a wielded weapon. You were a pacifist. You read items or engraved 15 times, starting on turn 863. You never genocided any monsters. You never polymorphed an object. You never changed form. You used 1 wish, starting on turn 2284. You did not wish for any artifacts. You never split a pudding. You never wrote Elbereth's name. You never violated your personal moral code. Dungeon overview: The Dungeons of Doom: levels 1 to 5 Level 1 a fountain a long staircase Level 2 a scroll shop, a vault Level 3 a general store, some fountains Level 4 a fountain, a vault stairs to The Gnomish Mines Level 5 The Gnomish Mines: levels 5 to 13 Level 5 stairs to The Dungeons of Doom Level 6 Level 7 Level 8 many shops, a temple to Poseidon, some fountains Level 9 Level 10 Level 11 Level 12 Level 13 <- You were here a fountain History has recorded: On T:1 you entered the Dungeons of Doom to retrieve the Amulet of Yendor! On T:171 you reached level 2 of The Dungeons of Doom. On T:1412 you reached level 3 of The Dungeons of Doom. On T:1698 you reached level 4 of The Dungeons of Doom. On T:2261 you reached level 5 of The Dungeons of Doom. On T:2284 you wished for "blessed fixed greased +2 gray dragon scale mail". On T:2419 you reached level 1 of The Gnomish Mines. On T:2592 you reached level 2 of The Gnomish Mines. On T:2857 you reached level 4 of The Gnomish Mines. On T:3098 you reached level 3 of The Gnomish Mines. On T:4844 you reached level 5 of The Gnomish Mines. On T:5910 you reached level 6 of The Gnomish Mines. On T:5930 you averted death On T:6134 you reached level 7 of The Gnomish Mines. On T:6192 you reached level 8 of The Gnomish Mines. On T:6343 you reached level 9 of The Gnomish Mines. Score breakdown: Gold: 0 ( 0 points) Experience: 1 level ( 0 points) Exploration: 13 levels ( 25.49%) (14696 points) Discoveries: 31 items ( 10.47%) ( 9708 points) Valuables value: (no points given unless you survive) Artifact value: 0 ( 0 points) Variety of kills: 58 monsters ( 15.26%) (11720 points) Turncount: 6611 turns (-1767 points) Survival: died (score multiplied by 80%) Total score: 27485 Latest messages: You displace your large dog. You stop. Your large dog is in the way! The baluchitherium hits! (2x) The large dog bites the baluchitherium. The baluchitherium misses the large dog. (2x) The baluchitherium hits the large dog. (2x) The large dog misses the baluchitherium. The baluchitherium misses. The baluchitherium hits! The orc shaman casts a spell! The sleep ray hits the gnome! The sleep ray whizzes by you! The sleep ray whizzes by the baluchitherium! You displace the gnome. The hobbit throws a dagger! You are almost hit by a dagger. The baluchitherium displaces the gnome. The baluchitherium doesn't pay attention to its reflection. The baluchitherium hits! (2x) You die... Final status: Goodbye Fiqtiff the Healer, killed by a baluchitherium... You died in The Gnomish Mines on dungeon level 13 with 27485 points, and 95 pieces of gold, after 6611 moves. You were level 1 with a maximum of 43 hit points when you died.